 Dungeon Crawl Stone Soup version 0.23.1 (webtiles) character file.

Game seed: 15190883494001940290

90 Gingerlord the Charlatan (level 4, 0/33 HPs)
             Began as a Human Artificer on Mar 8, 2019.
             Succumbed to an adder's poison
             ... on level 2 of the Dungeon.
             The game lasted 00:03:12 (1996 turns).

Gingerlord the Charlatan (Human Artificer)          Turns: 1996, Time: 00:03:13

Health: 0/33       AC:  9    Str: 13    XL:     4   Next: 85%
Magic:  6/6        EV:  6    Int: 12    God:
Gold:   52         SH:  0    Dex: 13    Spells: 3/3 levels left

rFire    . . .     SeeInvis .   i - +0 hand axe
rCold    . . .     Gourm    .   (no shield)
rNeg     . . .     Faith    .   a - +0 chain mail
rPois    .         Spirit   .   (no helmet)
rElec    .         Reflect  .   h - +0 cloak
rCorr    .         Harm     .   (no gloves)
MR       .....                  (no boots)
Stlth    ..........             (no amulet)
HPRegen  0.11/turn              (no ring)
MPRegen  0.10/turn              (no ring)

@: lethally poisoned (0 -> -4)
A: no striking features
a: no special abilities


You were on level 2 of the Dungeon.
You were near starving.

You visited 1 branch of the dungeon, and saw 2 of its levels.

You collected 52 gold pieces.

Inventory:

Hand Weapons
 i - a +0 hand axe (weapon)
Armour
 a - a +0 chain mail (worn)
 h - a +0 cloak (worn)
Wands
 c - a wand of flame (15)
 d - a wand of enslavement (15)
 e - a wand of random effects (34)
Scrolls
 g - a scroll of amnesia {unknown}
 j - a scroll of teleportation {unknown}
 k - a scroll of identify {unknown}
Comestibles
 f - 3 rations


   Skills:
 + Level 2.0 Fighting
   Level 1.5 Short Blades
 + Level 0.9 Axes
 + Level 1.6 Armour
 + Level 2.7 Dodging
 - Level 1.0 Stealth
 + Level 3.5 Evocations


You had 3 spell levels left.
You didn't know any spells.
Your spell library was empty.

Dungeon Overview and Level Annotations

Branches:
Dungeon (2/15)

Altars:
Fedhas

Annotations:
D:2 exclusion: oklob plant


Message History

You feel sick. The adder bites you but does no damage.
You closely miss the adder.
The adder is almost dead.
* * * LOW HITPOINT WARNING * * *
You feel sick. The adder barely misses you.
The adder bites you but does no damage.
You closely miss the adder.
The adder is almost dead.
* * * LOW HITPOINT WARNING * * *
You feel sick. The adder bites you but does no damage. The adder bites you.
* * * LOW HITPOINT WARNING * * *
You barely miss the adder.
The adder is almost dead.
The adder bites you but does no damage.
You aren't carrying any potions.
* * * LOW HITPOINT WARNING * * *
You feel sick. The adder bites you but does no damage.
* * * LOW HITPOINT WARNING * * *
You feel sick.
You die...

#.. #.# ###.# ##..
#.# ....# #..# #.#
##### #<.# #.# #
#..#######.#
########..##...##.#
)#..........###.S.#
#).......#.## ##.##
##.......#.# #@#
#........#.# #.#
.#.......##.# ..#
.#.......##.. .#.#
............##.#.#
.>.......##### #.#
..#.......... ..#
.###....##### ###
## ##.#.#


You could see an adder.

Vanquished Creatures
  Jessica (D:2)
  A worm (D:2)
  4 dart slugs
  4 hobgoblins
  11 jackals
  2 ball pythons
  5 bats
  A frilled lizard (D:1)
  7 goblins
  6 kobolds
  10 rats
52 creatures vanquished.

Vanquished Creatures (others)
  21 toadstools (D:2)
21 creatures vanquished.

Grand Total: 73 creatures vanquished

Notes
Turn   | Place    | Note
-------+----------+-------------------------------------------
     0 | D:1      | Gingerlord the Human Artificer began the quest for the Orb.
     0 | D:1      | Reached XP level 1. HP: 15/15 MP: 3/3
   260 | D:1      | Reached XP level 2. HP: 19/21 MP: 4/4
   527 | D:1      | Reached XP level 3. HP: 26/26 MP: 5/5
   642 | D:1      | Reached skill level 1 in Armour
  1268 | D:2      | Reached XP level 4. HP: 24/33 MP: 6/6
  1524 | D:2      | Noticed Jessica
  1587 | D:2      | Killed Jessica
  1890 | D:2      | Found a blossoming altar of Fedhas.
  1911 | D:2      | Noticed an oklob plant
  1992 | D:2      | HP: 1/33 [poisoned by an adder]
  1996 | D:2      | Succumbed to an adder's poison

Skill      XL: |  1  2  3  4 |
---------------+-------------+-----
Armour         | 1 |  1.6
Fighting       | 2 |  2.0
Short Blades   | |  1.5
Axes           | |  0.9
Dodging        | |  2.7
Stealth        | |  1.0
Evocations     | |  3.5

Action                   |  1- 3 |  4- 6 || total
-------------------------+-------+-------++-------
Melee: Short sword       |   106 |       ||   106
       Hand axe          |    57 |    83 ||   140
  Use: Potion            |       |     1 ||     1
 Stab: Sleeping          |     1 |       ||     1
  Eat: Chunk             |     1 |     1 ||     2
Armor: Leather armour    |    27 |       ||    27
       Chain mail        |    35 |    49 ||    84
Dodge: Dodged            |   109 |    25 ||   134
